 Dungeon Crawl Stone Soup version 0.23-a0-290-g290e36d (console) character file.

3346 bli the Basher (level 10, -6/56 HPs)
             Began as a Gargoyle Monk on Oct 3, 2018.
             Was an Elder of Hepliaklqana.
             Mangled by a two-headed hydra (11 damage)
             ... on level 8 of the Dungeon.
             The game lasted 00:28:54 (8210 turns).

bli the Basher (Gargoyle Monk)                      Turns: 8210, Time: 00:28:55

Health: -6/56      AC: 11    Str: 16    XL:     10   Next: 2%
Magic:  10/10      EV: 15    Int: 16    God:    Hepliaklqana [****..]
Gold:   472        SH:  0    Dex: 17    Spells: 9/9 levels left

rFire    + . .     SeeInvis +   G - +0 flail
rCold    + . .     Gourm    .   (no shield)
rNeg     + . .     Faith    .   L - +2 robe {MR+}
rPois    ∞         Spirit   .   (no helmet)
rElec    +         Reflect  .   (no cloak)
rCorr    .         Harm     .   (no gloves)
MR       +....                  (no boots)
Stlth    +++.......             (no amulet)
HPRegen  0.18/turn              E - ring of protection from fire
MPRegen  0.12/turn              B - ring "Utsof" {rElec rC+ Dex+3 SInv}

@: brilliant
A: reduced essence, negative energy resistance 1, electricity resistance,
unbreathing, petrification resistance, rot immunity, AC +7
a: Recall Ancestor, Ancestor Identity, Transference, Idealise, Renounce Religion


You were on level 8 of the Dungeon.
You worshipped Hepliaklqana.
Hepliaklqana was greatly pleased with you.
You were hungry.

You visited 1 branch of the dungeon, and saw 8 of its levels.

You collected 472 gold pieces.

Inventory:

Hand Weapons
 a - a +0 mace
 k - a +1 dagger of venom
 p - a +0 hunting sling
 q - a +0 whip
 G - a +0 flail (weapon)
Missiles
 g - 46 sling bullets
 h - 102 stones
 v - 5 javelins (quivered)
 y - 6 tomahawks
 A - 7 poisoned tomahawks
Armour
 b - a +0 robe
 f - a +0 leather armour
 t - a +0 plate armour
 C - a +0 ring mail of magic resistance
 L - a +2 robe of magic resistance (worn)
 Q - a +0 chain mail of cold resistance
 R - a +0 large shield
Magical Staves
 H - an uncursed staff of fire
Jewellery
 B - the ring "Utsof" (right hand) {rElec rC+ Dex+3 SInv}
   (You found it on level 4 of the Dungeon)

   [ring of protection from cold]

   It affects your dexterity (+3).
   It protects you from cold.
   It insulates you from electricity.
   It lets you see invisible.
 E - a ring of protection from fire (left hand)
 M - an uncursed ring of protection from magic
Wands
 S - a wand of enslavement (23)
Scrolls
 d - a scroll of enchant armour {unknown}
 i - 2 scrolls of identify
 j - 3 scrolls of fear {unknown}
 l - 6 scrolls of magic mapping
 m - 5 scrolls of remove curse
 r - a scroll of fog
 u - 3 scrolls of immolation {unknown}
 I - a scroll of noise {unknown}
 K - a scroll of enchant weapon {unknown}
 O - a scroll of holy word
Potions
 e - 3 potions of might
 s - 3 potions of invisibility
 w - 2 potions of heal wounds {unknown}
 x - a potion of mutation
 z - 3 potions of curing {unknown}
 D - 2 potions of brilliance
 F - a potion of agility {unknown}
 J - a potion of resistance {unknown}
 N - a potion of magic {unknown}
 P - a potion of flight
Comestibles
 c - 17 rations
 n - 11 chunks of flesh


   Skills:
 * Level 7.4 Fighting
 + Level 9.6 Maces & Flails
 - Level 1.0 Throwing
 - Level 5.1 Armour
 + Level 5.2 Dodging
 + Level 4.9 Stealth


You had 9 spell levels left.
You didn't know any spells.
Your spell library contained the following spells:

 Spells                   Type           Power        Failure   Level  Hunger
 Sandblast                Erth           #.....       3%          1    ##.....
 Passwall                 Tmut/Erth      #.......     4%          2    ###....
 Stone Arrow              Conj/Erth      #.....       9%          3    ####...
 Petrify                  Tmut/Erth      #.......     24%         4    #####..
 Lee's Rapid Deconstruct  Erth           #.........   52%         5    ######.


Dungeon Overview and Level Annotations

Branches:
Dungeon (8/15)             Temple (0/1) D:5            Lair (0/6) D:8

Altars:
Ashenzari
Cheibriados
Hepliaklqana
Okawaru
Ru
Wu Jian
Xom
The Shining One


Innate Abilities, Weirdness & Mutations

You are resistant to torment.
Your stone body is resilient. (AC +7)
You are immune to poison.
You resist negative energy. (rN+)
You are resistant to electric shocks. (rElec)
You can survive without breathing.
You are immune to petrification.
You are immune to rotting.
Your life essence is reduced to manifest your ancestor. (-10% HP)


Message History

Unknown command.
You enter the shallow water.
Moving in this stuff is going to be slow.
Gaius blocks the big kobold's attack.
Gaius hits the two-headed hydra with a flail!
The big kobold hits Gaius but does no damage.
Your unstable footing causes you to fumble your attack.
The two-headed hydra closely misses you. x2
The two-headed hydra bites you!
* * * LOW HITPOINT WARNING * * *
The two-headed hydra bites you but does no damage.
Gaius barely misses the two-headed hydra.
Things that are here:
a short sword; a dream sheep skeleton; a yak skeleton It was a potion of brilliance.
You feel clever all of a sudden. The two-headed hydra bites you.
* * * LOW HITPOINT WARNING * * *
The two-headed hydra bites you!
You die...

########## #.%+...%%# #).#.....#
#'###'''## #.≈≈.....# ###
#P≈≈....(# #.# #≈)PK.P..####.##
#P≈R.....#.....# ##
#PP≈D≈.≈.#.....####
....#####@####.....##>#
......................#
.##........##.........#
#####..####...[.....## ##.#
#.......#..### . #.#
#...........<. .. #.#
#........###.. ...
######.########..#...###
##.#######...............#..#####
....#....................)<###...
......##.###.....#.....#######.##


You could see the friendly Gaius the knight, a two-headed hydra and a big
kobold.

Vanquished Creatures
  A dream sheep (D:8)
  Sigmund (D:5)
  A yak (D:7)
  A black bear (D:5)
  2 orc warriors
  2 necrophages (D:7)
  A phantom (D:6)
  2 centaurs
  A big kobold (D:8)
  3 bullfrogs
  Dowan (D:4)
  A wight (D:7)
  A crimson imp (D:7)
  A quasit (D:6)
  2 bullfrog zombies (D:7)
  A centaur skeleton (D:6)
  2 hounds (D:4)
  An iguana (D:6)
  A worker ant zombie (D:6)
  A gnoll (D:4)
  8 adders
  An adder skeleton (D:8)
  An adder zombie (D:4)
  A worm (D:2)
  2 dart slugs
  3 leopard geckos
  20 orcs
  7 giant cockroaches
  4 goblins
  2 hobgoblins
  2 jackals (D:7)
  2 kobolds (D:2)
  3 quokkas
  7 bats
  3 frilled lizards (D:3)
  A quokka zombie (D:7)
  5 rats
  A plant (D:8)
100 creatures vanquished.

Vanquished Creatures (collateral kills)
  A dream sheep (D:8)
  A yak (D:8)
  Duvessa (D:4)
  A phantom (D:6)
  2 ogres (D:5)
  A centaur (D:3)
  A big kobold (D:8)
  2 bullfrogs
  A wight (D:7)
  A crimson imp (D:5)
  A centaur zombie (D:5)
  2 hounds
  An orc priest (D:6)
  2 orc wizards
  An iguana (D:5)
  2 worker ants
  A hound zombie (D:6)
  A mummy (D:7)
  3 adders
  2 oozes
  2 adder skeletons
  5 orcs
  2 bats (D:2)
  A giant cockroach (D:5)
  A goblin (D:3)
  A hobgoblin (D:2)
  2 jackals (D:5)
  2 quokkas (D:2)
  A ball python skeleton (D:4)
  A leopard gecko skeleton (D:4)
  A quokka skeleton (D:4)
47 creatures vanquished.

Vanquished Creatures (others)
  A knight (D:8)
  4 withered plants (D:7)
5 creatures vanquished.

Grand Total: 152 creatures vanquished

Notes
Turn   | Place    | Note
-------+----------+-------------------------------------------
     0 | D:1      | bli the Gargoyle Monk began the quest for the Orb.
     0 | D:1      | Reached XP level 1. HP: 14/14 MP: 1/1
   335 | D:1      | Reached XP level 2. HP: 19/19 MP: 2/2
  1076 | D:2      | Reached XP level 3. HP: 21/23 MP: 3/3
  1077 | D:2      | Found a hazy altar of Hepliaklqana.
  1086 | D:2      | Became a worshipper of Hepliaklqana the Forgotten
  1086 | D:2      | Reached * piety under Hepliaklqana
  1086 | D:2      | Reached ** piety under Hepliaklqana
  1087 | D:2      | Remembered your ancestor Gaius as a knight
  1439 | D:2      | Reached XP level 4. HP: 18/26 MP: 4/4
  1458 | D:2      | Reached skill level 4 in Maces & Flails
  1982 | D:3      | Found a shimmering altar of Xom.
  2079 | D:3      | Reached skill level 1 in Armour
  2338 | D:3      | Noticed a centaur
  2346 | D:3      | Killed a centaur
  2346 | D:3      | Reached XP level 5. HP: 11/29 MP: 5/5
  2969 | D:3      | Found a glowing golden altar of the Shining One.
  3314 | D:4      | Got a fine bone ring
  3315 | D:4      | Identified the ring "Utsof" {rElec rC+ Dex+3 SInv} (You
                  | found it on level 4 of the Dungeon)
  3322 | D:4      | Found a shattered altar of Ashenzari.
  3322 | D:4      | Found a sacrificial altar of Ru.
  3347 | D:4      | Reached XP level 6. HP: 31/34 MP: 6/6
  3351 | D:4      | Noticed Dowan
  3353 | D:4      | Noticed Duvessa
  3365 | D:4      | Killed Duvessa
  3365 | D:4      | Reached skill level 5 in Maces & Flails
  3376 | D:4      | Killed Dowan
  3817 | D:4      | Reached XP level 7. HP: 38/39 MP: 7/7
  3999 | D:5      | Entered Level 5 of the Dungeon
  3999 | D:5      | Reached *** piety under Hepliaklqana
  4210 | D:5      | Noticed Sigmund
  4229 | D:5      | Killed Sigmund
  4266 | D:5      | Reached skill level 5 in Fighting
  4266 | D:5      | Reached skill level 6 in Maces & Flails
  4266 | D:5      | Reached XP level 8. HP: 16/44 MP: 8/8
  4659 | D:5      | Found a staircase to the Ecumenical Temple.
  5488 | D:6      | Reached skill level 7 in Maces & Flails
  5601 | D:6      | Found an ornate altar of the Wu Jian Council.
  5660 | D:6      | Reached skill level 5 in Armour
  5676 | D:6      | Reached skill level 1 in Throwing
  6372 | D:7      | Found a snail-covered altar of Cheibriados.
  6382 | D:7      | Found an iron altar of Okawaru.
  6391 | D:7      | Reached **** piety under Hepliaklqana
  6448 | D:7      | Reached XP level 9. HP: 45/49 MP: 9/9
  6519 | D:7      | Reached skill level 8 in Maces & Flails
  6660 | D:7      | Found a flagged portal.
  7427 | D:8      | HP: 2/50 [orc/trident (5)]
  7466 | D:8      | Found a staircase to the Lair.
  7658 | D:8      | Reached skill level 5 in Dodging
  7700 | D:7      | Reached skill level 9 in Maces & Flails
  8148 | D:8      | Reached XP level 10. HP: 56/56 MP: 10/10
  8185 | D:8      | Noticed a two-headed hydra
  8210 | D:8      | Mangled by a two-headed hydra

Vault maps used:
D:1:      onia_arrival_larder, patterned_corridor
D:2:      old_standard_altar, first_ration
D:3:      overflow_temple_1_default, brannock_xom_greatest_gift
D:4:      gammafunk_temple_overflow_elements, cheibrodos_gnoll_hut, uniq_duvessa
D:5:      minmay_temple_entry_junction_2, uniq_sigmund
D:6:      lemuel_crystal_altar
D:7:      chequers_temple_overflow_statue_of_worship, serial_undead,
          serial_undead_b, serial_undead_b, serial_undead_a, serial_undead_b,
          enter_bailey_8
D:8:      dancing_weapons_uskayaw, lair_entry_dummy, hangedman_ranch,
          lightli_orcish_oven

Skill      XL: |  1  2  3  4  5  6  7  8  9 |
---------------+----------------------------+-----
Maces & Flails | 4 5 6 7 9 |  9.6
Armour         | 1 2 3 4 5 |  5.1
Fighting       | 4 5 7 |  7.4
Dodging        | 3 4 5 |  5.2
Stealth        | 3 4 |  4.9
Throwing       | 1 |  1.0

Action                   |  1- 3 |  4- 6 |  7- 9 | 10-12 || total
-------------------------+-------+-------+-------+-------++-------
Melee: Mace              |    89 |   137 |    30 |       ||   256
       Flail             |       |       |   293 |    15 ||   308
Throw: Stone             |     2 |     1 |       |       ||     3
       Javelin           |       |       |    18 |       ||    18
Invok: Ancestor Life: Kn |     1 |       |       |       ||     1
  Use: Scroll            |       |       |    11 |       ||    11
       Potion            |       |       |     1 |     1 ||     2
 Stab: Sleeping          |     3 |     1 |     5 |       ||     9
       Distracted        |       |     1 |     1 |       ||     2
  Eat: Chunk             |     2 |     7 |    14 |       ||    23
Armor: Leather armour    |    43 |    74 |       |       ||   117
       Robe              |     3 |       |   110 |     3 ||   116
       Ring mail         |       |    10 |    62 |       ||    72
Dodge: Dodged            |    57 |    61 |   187 |    13 ||   318

Table legend:
 A = Non-vault XP
 B = Vault XP
 C = Vault XP percentage of total XP
 D = Non-vault monster count
 E = Vault monster count
 F = Vault count percentage of total count
                 A         B        C        D         E       F
            +---------+---------+-------+---------+---------+-------
      Total |    2494 |    2287 |  47.8 |     115 |      31 |  21.2
            +---------+---------+-------+---------+---------+-------
        D:1 |      11 |       7 |  38.9 |       7 |       5 |  41.7
        D:2 |      79 |       0 |   0.0 |      19 |       0 |   0.0
        D:3 |     176 |       0 |   0.0 |      22 |       0 |   0.0
        D:4 |     153 |     320 |  67.7 |      16 |       5 |  23.8
        D:5 |     664 |     227 |  25.5 |      17 |       1 |   5.6
        D:6 |     590 |       0 |   0.0 |      15 |       0 |   0.0
        D:7 |     452 |     690 |  60.4 |      13 |       9 |  40.9
        D:8 |     369 |    1043 |  73.9 |       6 |      11 |  64.7
            +---------+---------+-------+---------+---------+-------
